 Dungeon Crawl Stone Soup version 0.18.1-50-g88ac8fd (webtiles) character file.

34 Nordron the Firebug (level 3, -2/28 HPs)
             Began as a Naga Fire Elementalist on Sept 22, 2016.
             Killed from afar by a dart slug (4 damage)
             ... with a slug dart
             ... on level 2 of the Dungeon.
             The game lasted 00:08:55 (925 turns).

Nordron the Firebug (Naga Fire Elementalist)         Turns: 925, Time: 00:08:56

Health: -2/28      AC:  2    Str: 10    XL:     3   Next: 31%
Magic:  1/6        EV: 10    Int: 16    God:
Gold:   29         SH:  0    Dex: 11    Spells: 1 memorised, 5 levels left

rFire  . . .     SeeInvis +     e - +0 club
rCold  . . .     Gourm    .     a - +0 robe
rNeg   . . .     Faith    .     (no shield)
rPois  +         Spirit   .     (no helmet)
rElec  .         Dismiss  .     (no cloak)
rCorr  .         Reflect  .     (no gloves)
SustAt .         Harm     .     (no barding)
MR     .....                    (no amulet)
Stlth  ++........               (no ring)
                                k - ring of flight

@: very slow, not resistant to hostile enchantments, unstealthy
A: see invisible, deformed body, poison resistance, slowness 2, slow metabolism
1, spit poison 2, AC +1
a: Spit Poison, Evoke Flight


You were on level 2 of the Dungeon.
You were not hungry.

You visited 1 branch of the dungeon, and saw 2 of its levels.

You collected 29 gold pieces.

Inventory:

Hand Weapons
 e - a +0 club (weapon)
Armour
 a - a +0 robe (worn)
Jewellery
 k - a ring of flight (left hand)
Scrolls
 d - a scroll of teleportation {unknown}
 g - a scroll of immolation {unknown}
 h - 3 scrolls of blinking {unknown}
 l - 3 scrolls of amnesia {unknown}
 m - a scroll of magic mapping {unknown}
Potions
 j - a potion of cure mutation {unknown}
 n - a potion of flight {unknown}
 o - a potion of beneficial mutation {unknown}
Books
 b - a book of Flames

   Spells                             Type                      Level
   a - Flame Tongue                   Conjuration/Fire             1
   b - Throw Flame                    Conjuration/Fire             2
   c - Conjure Flame                  Conjuration/Fire             3
   d - Inner Flame                    Hexes/Fire                   3
   e - Sticky Flame                   Conjuration/Fire             4
   f - Fireball                       Conjuration/Fire             5
Comestibles
 c - 3 bread rations
 f - 2 meat rations
 i - 4 chunks of flesh


   Skills:
 + Level 0.2 Fighting
 + Level 1.8 Dodging
 + Level 3.2 Stealth
 + Level 2.4 Spellcasting
 + Level 1.1 Conjurations
 + Level 3.6 Fire Magic


You had 5 spell levels left.
You knew the following spells:

 Your Spells              Type           Power        Failure   Level  Hunger
a - Flame Tongue          Conj/Fire      #....        10%         1    #......


Dungeon Overview and Level Annotations

Branches:
Dungeon (2/15)

Altars:


Innate Abilities, Weirdness & Mutations

You cannot wear boots.
Your serpentine skin is tough (AC +1).
You have supernaturally acute eyesight.
Armour fits poorly on your strangely shaped body.
Your system is resistant to poisons.
You cover ground very slowly.
You have a slow metabolism.
You can spit poison.


Message History

The jackal closely misses you. The jackal closely misses you.
The jackal barely misses you.
The jackal bites you but does no damage.
The jackal bites you.
* * * LOW HITPOINT WARNING * * *
You hit the jackal.
You kill the jackal!
You hit the dart slug.
The dart slug is heavily wounded.
The dart slug bites you but does no damage.
You hit the dart slug.
The dart slug is almost dead.
The dart slug bites you.
* * * LOW HITPOINT WARNING * * *
You hit the dart slug but do no damage.
The dart slug is almost dead.
The dart slug launches a dart at you. The slug dart hits you!
You die...

#.# ##....... #.#
h.h..... #.# # ..?....
#.# .# .h... #. ## #.##.#
h.. # #.. .## #....# ##.#
#. #.##..# # #####..###
##..# ##.###...#.
#.#.w....## #..##
.......#..##.#..@####.รท#
#.## .......#........##
##.####.#
..........###..# #..##..#
........#..##..##
##.##.######
.......###.###...
#.##.....). .......# #.##
#.# #.....##### .......#
#..###.# #....###.w.
.......# ##..##.#
#.........#.## #...####
##..#.#######.#..#.#.#


You could see a dart slug.

Vanquished Creatures
  A worm (D:2)
  A ball python (D:2)
  2 bats
  3 giant cockroaches (D:1)
  7 goblins
  4 hobgoblins (D:1)
  3 jackals (D:2)
  2 giant newts (D:1)
  A kobold (D:1)
  2 rats (D:1)
26 creatures vanquished.

Notes
Turn   | Place    | Note
--------------------------------------------------------------
     0 | D:1      | Nordron the Naga Fire Elementalist began the quest for the Orb.
     0 | D:1      | Reached XP level 1. HP: 15/15 MP: 3/3
   192 | D:1      | Reached XP level 2. HP: 5/22 MP: 3/5
   774 | D:2      | Reached XP level 3. HP: 10/28 MP: 0/6
   925 | D:2      | Killed from afar by a dart slug

Action                   || total
-------------------------++-------
Melee: Club              ||    48
 Cast: Flame Tongue      ||    39
 Stab: Sleeping          ||     3
Armor: Robe              ||    10
Dodge: Dodged            ||    39
